 Dungeon Crawl Stone Soup version 0.28.0 (webtiles) character file.

Game seed: 17799725031936056224

16 freelancePsychic the Magician (level 2, -1/20 HPs)
             Began as a Palentonga Hedge Wizard on Feb 8, 2022.
             Slain by a goblin (4 damage)
             ... led by Robin
             ... on level 1 of the Dungeon.
             The game lasted 00:01:39 (918 turns).

freelancePsychic the Magician (PaWz)                 Turns: 918, Time: 00:01:39

Health: -1/20      AC:  5    Str: 13    XL:     2   Next: 37%
Magic:  6/6        EV: 10    Int: 14    God:
Gold:   16         SH:  0    Dex: 15    Spells: 6/7 levels left

rFire   . . .      SeeInvis +   g - +1 whip (flame)
rCold   . . .      Faith    .   (no shield)
rNeg    . . .      Spirit   .   b - +0 robe
rPois   .          Reflect  .   c - +0 hat
rElec   .          Harm     .   (no cloak)
rCorr   .          Rampage  .   f - +0 pair of gloves
Will    .....                   (no barding)
Stlth   ++........              (no amulet)
HPRegen 0.06/turn               e - +6 ring of dexterity
MPRegen 0.10/turn               (no ring)

@: no status effects
A: large, rugged brown scales 3, see invisible, deformed body, roll 1, armoured
tail
a: Rolling Charge


You were on level 1 of the Dungeon.
You visited 1 branch of the dungeon, and saw 2 of its levels.

You collected 16 gold pieces.

Inventory:

Hand Weapons
 a - a +0 dagger
 g - a +1 whip of flaming (weapon)
Armour
 b - a +0 robe (worn)
 c - a +0 hat (worn)
 f - a +0 pair of gloves (worn)
Jewellery
 e - a +6 ring of dexterity (left hand)
Scrolls
 d - 2 scrolls of identify {@r1}
Potions
 h - a potion of mutation


   Skills:
 + Level 0.2 Fighting
 * Level 0.1 Short Blades
 - Level 0.4 Maces & Flails
 - Level 1.5 Dodging
 - Level 1.2 Stealth
 - Level 3.2 Spellcasting
 - Level 1.4 Conjurations
 - Level 0.7 Summonings
 - Level 1.0 Translocations


You had 6 spell levels left.
You knew the following spells:

 Your Spells              Type           Power      Damage    Failure   Level
a - Magic Dart            Conj           24%        1d4       12%         1

Your spell library contained the following spells:

 Spells                   Type           Power      Damage    Failure   Level
 Slow                     Hex            8%         N/A       22%         1
 Blink                    Tloc           10%        N/A       22%         2
 Call Imp                 Summ           4%         N/A       24%         2
 Conjure Flame            Conj/Fire      4%         6-21      43%         3
 Mephitic Cloud           Conj/Pois/Air  3%         N/A       45%         3


Dungeon Overview and Level Annotations

Branches:
Dungeon (2/15)

Altars:


Innate Abilities, Weirdness & Mutations

You are completely covered in rugged brown scales. (AC +3, +7% HP)
You have supernaturally acute eyesight. (SInv)
Armour fits poorly on your strangely shaped body.
You can roll at nearby foes to attack.
You have a long armoured tail.


Message History

The hobgoblin is almost dead.
The hobgoblin hits you but does no damage.
The goblin hits you with a +0 club. The hobgoblin hits you.
The goblin barely misses you.
Found a scroll labelled NULIADWU AWE and a long sword.
The bat hits you. The bat closely misses you. The bat closely misses you.
The bat hits you but does no damage. The bat barely misses you.
The bat hits you. The bat hits you but does no damage.
The bat hits you but does no damage.
You see here a scroll labelled NULIADWU AWE.
As you read the scroll labelled NULIADWU AWE, it crumbles to dust.
It is a scroll of identify.
h - a potion of mutation The bat closely misses you.
You barely miss the hobgoblin.
Your tail-slap misses the hobgoblin.
The hobgoblin is heavily wounded.
The bat closely misses you. The bat hits you but does no damage.
The hobgoblin hits you.
You closely miss the hobgoblin.
The hobgoblin is heavily wounded.
The bat closely misses you.
The hobgoblin hits you but does no damage.
The goblin completely misses you.
You barely miss the hobgoblin.
The hobgoblin is heavily wounded.
The bat closely misses you. The goblin hits you but does no damage.
The bat hits you but does no damage. x2
The endoplasm freezes you.
You are frozen.
* * * LOW HITPOINT WARNING * * *
The goblin hits you with a +0 club.
* * * LOW HITPOINT WARNING * * *
The hobgoblin barely misses you.
You hit the endoplasm. You burn the endoplasm.
You kill the endoplasm!
The bat closely misses you. The goblin hits you with a +0 club.
You die...

#.# .......>......S #.#
#.#.#.#.#.#.#.#
####.#######....#.....
#..........+...........
####.#.#######...##......
.....#.#.<.# #...# ......
######.#...# #..b# .....
.....#.#...# #.g.# .....
####.#.#...# #.g@# ####
.....#.#.#.# #)g.# ######.#.#.#
##### ##### .......#...#
#...##### .....###...########
#........ ####.###...##.....#
#....#### .......#.#.##.....#
####.#...
####.###.#.##.....##########.#.#.
#.# #...##..............#.#...


You could see a hobgoblin, 2 goblins and a bat.

Vanquished Creatures
  A bat (D:1)
  3 endoplasms
  A goblin (D:1)
  3 hobgoblins
  3 kobolds
  2 ball pythons (D:2)
  2 frilled lizards
  A rat (D:2)
16 creatures vanquished.

Notes
Turn   | Place    | Note
-------+----------+-------------------------------------------
     0 | D:1      | freelancePsychic the Palentonga Hedge Wizard began the
                  | quest for the Orb.
     0 | D:1      | Reached XP level 1. HP: 13/13 MP: 4/4
   156 | D:1      | Reached skill level 1 in Conjurations
   589 | D:1      | You fall into a shaft and drop 1 floor!
   592 | D:2      | Reached XP level 2. HP: 20/20 MP: 6/6
   918 | D:1      | Slain by a goblin

Illustrated notes

Levels and vault maps discovered:
D:1:      wheals_arrival_shading, layout_basic, chequers_arboretum, st_stairs_11
D:2:      layout_basic, uniq_terence, uniq_robin

Skill      XL: |  1 |
---------------+----+-----
Conjurations   | 1 |  1.4
Fighting       | |  0.2
Short Blades   | |  0.1
Maces & Flails | |  0.4
Dodging        | |  1.5
Stealth        | |  1.2
Spellcasting   | |  3.2
Summonings     | |  0.7
Translocations | |  1.0

Action                   || total
-------------------------++-------
Melee: Dagger            ||     7
       Tailslap          ||     1
       Whip              ||    19
 Cast: Magic Dart        ||    16
 Abil: Rolling Charge    ||     2
  Use: Scroll            ||     1
 Stab: Sleeping          ||     2
Armor: Robe              ||    12
Dodge: Dodged            ||    25
